 Dungeon Crawl Stone Soup version 0.31.0-9-g3a7656b989 (webtiles) character file.

Game seed: 7420499795985391961

178 qw the Shooter (level 5, -4/26 HPs)
             Began as a Spriggan Hunter on Feb 2, 2024.
             Was an Initiate of Okawaru.
             Slain by a black bear (6 damage)
             ... on level 4 of the Dungeon.
             The game lasted 00:00:09 (2076 turns).

qw the Shooter (Spriggan Hunter)                    Turns: 2076, Time: 00:00:09

Health: -4/26      AC:  2    Str:  7    XL:     5   Next: 32%
Magic:  6/6        EV: 20    Int: 10    God:    Okawaru [......]
Gold:   149        SH:  0    Dex: 21    Spells: 4/4 levels left

rFire   . . .        a - +0 shortbow
rCold   . . .        (shield currently unavailable)
rNeg    . . .        c - +0 robe
rPois   .            (helmet restricted)
rElec   .            (no cloak)
rCorr   .            (gloves unavailable)
SInv    +            (boots unavailable)
Will    +....        (no amulet)
Stlth   ++           d - ring of willpower
HPRegen 0.24/turn    (no ring)
MPRegen 0.10/turn

%: no passive effects
@: hasted, very quick
A: very small, no large weapons, unfitting armour, see invisible, speed 3
a: Renounce Religion


You were on level 4 of the Dungeon.
You worshipped Okawaru.
Okawaru was noncommittal.
You visited 1 branch of the dungeon, and saw 4 of its levels.

You collected 149 gold pieces.


Innate Abilities, Weirdness & Mutations

You are very small and have problems with some larger weapons.
You are too small for most types of armour.
You have supernaturally acute eyesight. (SInv)
You cover ground extremely quickly. (Speed+++)


   Skills:
 - Level 2.0 Fighting
 + Level 5.6 Ranged Weapons
 - Level 5.0 Dodging
 - Level 1.5 Stealth


You had 4 spell levels left.
You didn't know any spells.
Your spell library was empty.

Inventory:

Hand Weapons
 a - a +0 shortbow (weapon)
Armour
 c - a +0 robe (worn)
Jewellery
 d - a ring of willpower (left hand)
Scrolls
 f - a scroll of enchant armour
 g - a scroll of fear {unknown}
 l - a scroll of identify
Potions
 b - a potion of might
 h - 2 potions of curing
 i - a potion of heal wounds {unknown}
 j - a potion of resistance
 k - a potion of degeneration {unknown}
 m - a potion of enlightenment {unknown}

Dungeon Overview and Level Annotations

Branches:
Dungeon (4/15)
 Temple: D:4-7

Altars:
Elyvilon
Fedhas
Makhleb
Okawaru
Qazlal
Xom
Yredelemnul


Message History

The black bear growls angrily.
You shoot an arrow. The arrow hits the black bear.
The black bear is lightly wounded.
You shoot an arrow. The arrow barely misses the black bear.
You shoot an arrow. The arrow hits the black bear!
The black bear is moderately wounded.
You shoot an arrow.
The arrow closely misses the black bear.
You shoot an arrow.
The arrow completely misses the black bear.
You shoot an arrow. The arrow hits the black bear!
The black bear is heavily wounded.
You shoot an arrow. The arrow hits the black bear!
The black bear is almost dead.
The black bear completely misses you. The black bear barely misses you.
The black bear misses you.
You shoot an arrow.
The arrow hits the black bear but does no damage.
The black bear is almost dead.
You shoot an arrow. The arrow hits the black bear.
The black bear is almost dead.
The black bear barely misses you. The black bear misses you.
The black bear closely misses you.
You shoot an arrow. The arrow hits the black bear.
The black bear is almost dead.
The black bear bites you! The black bear claws you. x2
You shoot an arrow. The arrow barely misses the black bear.
The black bear goes berserk!
You shoot an arrow. The arrow hits the black bear.
The black bear is almost dead.
You shoot an arrow.
The arrow hits the black bear but does no damage.
The black bear is almost dead.
The black bear completely misses you. The black bear claws you. x2
The black bear completely misses you. The black bear claws you.
The black bear closely misses you.
You shoot an arrow. The arrow hits the black bear.
The black bear is almost dead.
The black bear closely misses you. The black bear claws you.
You die...

####.......####
#..........#
#.8.)......###
#....).......#
####...###.}.#
#.<.# #...#
#...###...#
..#####.%...#
......h@.####
........##
........#
........#
........#
.........
........#
#.......#


You could see a black bear (berserk).

Vanquished Creatures
  A bombardier beetle (D:3)
  3 gnolls (D:2)
  3 adders
  A ribbon worm (D:2)
  3 dart slugs
  10 orcs
  6 ball pythons
  5 endoplasms
  3 giant cockroaches
  2 hobgoblins
  3 jackals (D:1)
  5 quokkas
  6 bats
  5 frilled lizards
  2 goblins (D:1)
  9 kobolds
  5 rats
72 creatures vanquished.

Notes
Turn   | Place    | Note
-------+----------+-------------------------------------------
     0 | D:1      | qw the Spriggan Hunter began the quest for the Orb.
     0 | D:1      | Reached XP level 1. HP: 10/10 MP: 2/2
     0 | D:1      | 0 ||| qw: Version: 0.3-a-155-g5e7d8dd
     0 | D:1      | 0 ||| qw: Game counter: 2198
     0 | D:1      | 0 ||| qw: Melee chars always use a shield: true
     0 | D:1      | 0 ||| qw: God list: Okawaru
     0 | D:1      | 0 ||| qw: Allow faded altars: false
     0 | D:1      | 0 ||| qw: Do Orc after clearing Dungeon:15 true
     0 | D:1      | 0 ||| qw: Do second Lair branch before Depths: true
     0 | D:1      | 0 ||| qw: Lair rune preference: random
     0 | D:1      | 0 ||| qw: Goals: Normal
     0 | D:1      | 0 ||| PLANNING D:1-11
    73 | D:1      | Reached skill level 3 in Dodging
   156 | D:1      | Reached XP level 2. HP: 14/14 MP: 3/3
   494 | D:1      | Reached XP level 3. HP: 13/18 MP: 4/4
   720 | D:1      | 720 ||| UPGRADING to ring of willpower.
   721 | D:1      | 721 ||| READING scroll labelled XEULET DURESOI.
   721 | D:1      | 721 ||| ENCHANTING +0 shortbow.
   722 | D:1      | 722 ||| READING scroll labelled EZUAZ DAOV.
   722 | D:1      | 722 ||| IDENTIFYING inky potion
   723 | D:1      | 723 ||| READING scroll labelled LIABATTUCSI.
   724 | D:1      | 724 ||| DROPPING scroll of butterflies.
   725 | D:1      | 725 ||| DROPPING potion of brilliance.
   887 | D:2      | Reached XP level 4. HP: 13/22 MP: 5/5
  1074 | D:2      | Found a faded altar of an unknown god.
  1358 | D:2      | 1358 ||| READING 2 scrolls of identify.
  1358 | D:2      | 1358 ||| IDENTIFYING coppery potion
  1359 | D:2      | 1359 ||| READING scroll of identify.
  1359 | D:2      | 1359 ||| IDENTIFYING purple potion
  1360 | D:2      | 1360 ||| READING scroll labelled GADWICH RENAG.
  1361 | D:2      | 1361 ||| DRINKING 3 gluggy clear potions.
  1362 | D:2      | 1362 ||| DRINKING 2 amethyst potions.
  1363 | D:2      | 1363 ||| DROPPING potion of lignification.
  1378 | D:3      | Found a blossoming altar of Fedhas.
  1378 | D:3      | Found a burning altar of Makhleb.
  1378 | D:3      | Found a stormy altar of Qazlal.
  1378 | D:3      | Found a basalt altar of Yredelemnul.
  1380 | D:3      | Found a white marble altar of Elyvilon.
  1424 | D:3      | Found an iron altar of Okawaru.
  1425 | D:3      | 1425 ||| PLANNING OKAWARU WORSHIP
  1433 | D:3      | Became a worshipper of Warmaster Okawaru
  1434 | D:3      | 1434 ||| PLANNING D:1-11
  1683 | D:3      | Reached XP level 5. HP: 26/26 MP: 6/6
  1771 | D:3      | Found a shimmering altar of Xom.
  1996 | D:3      | 1996 ||| READING scroll of identify.
  1996 | D:3      | 1996 ||| IDENTIFYING metallic inky potion
  1997 | D:3      | 1997 ||| READING scroll labelled ZURUMP ZARUSA.
  1998 | D:3      | 1998 ||| READING scroll labelled XEUTOUNT PEHAT.
  2061 | D:4      | Noticed a black bear
  2062 | D:4      | 2062 ||| DRINKING potion of haste.
  2075 | D:4      | HP: 3/26 [black bear (5)]
  2076 | D:4      | Slain by a black bear

Levels and vault maps discovered:
D:1:      noname_arrival_rooms_in_the_neighbourhood, layout_loops_cross,
          serial_forest, infiniplex_forest_end_3, infiniplex_forest_lined_1,
          infiniplex_forest_end_3, infiniplex_forest_lined_3
D:2:      layout_basic, shapermc_ecumenical_altar_mp_highgroup,
          nicolae_kite_square_tiling_tiny
D:3:      layout_basic, grunt_temple_overflow_open, mainiacjoe_overflow_paths,
          lemuel_round_altar
D:4:      layout_basic, serial_shops, nicolae_shop_tiny_waterfront,
          nicolae_elevator_lobby_asterisk

Skill      XL: |  1  2  3  4 |
---------------+-------------+-----
Dodging        | 3 4 5 |  5.0
Ranged Weapons | 5 |  5.6
Fighting       | 2 |  2.0
Stealth        | |  1.5

Action                     |  1- 3 |  4- 6 || total
---------------------------+-------+-------++-------
   Fire: Shortbow          |   109 |   101 ||   210
    Use: Scroll            |     3 |     6 ||     9
         Potion            |       |     3 ||     3
 Armour: Robe              |    11 |     8 ||    19
  Dodge: Dodged            |    32 |    19 ||    51

Table legend:
 A = Non-vault XP
 B = Vault XP
 C = Vault XP percentage of total XP
 D = Non-vault monster count
 E = Vault monster count
 F = Vault count percentage of total count
                 A         B        C        D         E       F
            +---------+---------+-------+---------+---------+-------
      Total |     255 |       0 |   0.0 |      72 |       0 |   0.0
            +---------+---------+-------+---------+---------+-------
        D:1 |      48 |       0 |   0.0 |      31 |       0 |   0.0
        D:2 |     110 |       0 |   0.0 |      25 |       0 |   0.0
        D:3 |      86 |       0 |   0.0 |      11 |       0 |   0.0
        D:4 |      11 |       0 |   0.0 |       5 |       0 |   0.0
            +---------+---------+-------+---------+---------+-------
